 Dungeon Crawl Stone Soup version 0.27-a0-1358-ga0a28fc8c3 (webtiles) character file.

Game seed: 9611596761582118590

102 Delamore the Sneak (level 4, -2/30 HPs)
             Began as an Octopode Brigand on June 28, 2021.
             Slain by an orc wizard (3 damage)
             ... on level 3 of the Dungeon.
             The game lasted 00:01:43 (1504 turns).

Delamore the Sneak (Octopode Brigand)               Turns: 1504, Time: 00:01:44

Health: -2/30      AC:  1    Str: 10    XL:     4   Next: 77%
Magic:  4/4        EV: 12    Int: 13    God:
Gold:   83         SH:  0    Dex: 14    Spells: 3/3 levels left

rFire    . . .     SeeInvis .   a - +2 dagger
rCold    . . .     Faith    .   (no shield)
rNeg     . . .     Spirit   .   (helmet restricted)
rPois    .         Reflect  .   (no amulet)
rElec    .         Harm     .   (no ring)
rCorr    .         Rampage  .   (no ring)
Will     .....                  (no ring)
Stlth    ++++......             (no ring)
HPRegen  0.10/turn              (no ring)
MPRegen  0.09/turn              (no ring)
                                (no ring)
                                (no ring)

@: no status effects
A: almost no armour, amphibious, 8 rings, camouflage 1, gelatinous body 1,
(nimble swimmer 1), tentacles
a: no special abilities


You were on level 3 of the Dungeon.
You visited 1 branch of the dungeon, and saw 3 of its levels.

You collected 83 gold pieces.

Inventory:

Hand Weapons
 a - a +2 dagger (weapon)
Missiles
 b - 15 poisoned darts (quivered)
Scrolls
 f - 2 scrolls of teleportation
 g - a scroll of enchant weapon
 i - a scroll of amnesia {unknown}
Potions
 h - a potion of lignification


   Skills:
 + Level 2.9 Fighting
 + Level 2.9 Short Blades
 - Level 2.0 Throwing
 - Level 1.0 Dodging
 * Level 7.0 Stealth


You had 3 spell levels left.
You didn't know any spells.
Your spell library was empty.

Dungeon Overview and Level Annotations

Branches:
Dungeon (2/15)

Altars:


Innate Abilities, Weirdness & Mutations

You cannot wear most types of armour.
You are amphibious.
You can wear up to eight rings at the same time.
Your skin changes colour to match your surroundings (Stealth+).
Your rubbery body absorbs attacks. (AC +1, EV +1)
((You are camouflaged near water. (Stealth+)))
You have tentacles for arms and can constrict up to eight enemies at once.


Message History

You hit the jackal.
The jackal is heavily wounded.
The jackal barely misses you.
You hit the jackal.
You kill the jackal!
Your transformation is almost over.
Something hits you but does no damage. x2
You closely miss something. Something hits you but does no damage.
You hit something but do no damage.
The orc seems to regain its courage.
Something hits you but does no damage.
You hear some strange, mumbled words.
Something tries to affect you, but you resist.
You hit something but do no damage.
Something hits you but does no damage. x2
You closely miss something. Something hits you but does no damage.
You barely miss something.
An orc wizard appears from thin air!
Reactivating autopickup.
The orc wizard hits you but does no damage.
Something hits you but does no damage.
Deactivating autopickup; reactivate with Ctrl-A.
You hit the orc wizard.
The orc wizard is heavily wounded.
The orc wizard hits you but does no damage.
You hit the orc wizard.
The orc wizard is heavily wounded.
Something hits you but does no damage. The orc hits you but does no damage.
The orc wizard hits you with a +0 dagger.
* * * LOW HITPOINT WARNING * * *
You closely miss the orc wizard.
The orc wizard is heavily wounded.
You hear some strange, mumbled words.
A magic dart appears from out of thin air!
The magic dart hits you but does no damage.
The orc hits you but does no damage.
You hit the orc wizard but do no damage.
The orc wizard is heavily wounded.
You feel less wooden.
The orc wizard hits you with a +0 dagger.
* * * LOW HITPOINT WARNING * * *
Something hits you.
You die...

...#....###...#
##.#.#..# ###.#
#...#..# #.#
#####..# #.# ##
#..# #.######..
.... #.#......
.....###.#...<#
....#.....##.#####
..........@o(.((..
.........†{o......
#.#######(#.......
# #.##....## #.#
.#### ... ## #.#
#.# #.#


You could see an orc wizard and an orc.

Vanquished Creatures
  An orc priest (D:3)
  Terence (D:2)
  An adder (D:3)
  A worm (D:3)
  2 dart slugs
  3 endoplasms (D:1)
  2 goblins (D:1)
  3 hobgoblins (D:1)
  3 jackals (D:3)
  2 quokkas (D:1)
  3 ball pythons
  2 bats (D:1)
  2 frilled lizards
  4 kobolds
  3 rats (D:1)
33 creatures vanquished.

Notes
Turn   | Place    | Note
-------+----------+-------------------------------------------
     0 | D:1      | Delamore the Octopode Brigand began the quest for the Orb.
     0 | D:1      | Reached XP level 1. HP: 14/14 MP: 1/1
   368 | D:1      | Reached XP level 2. HP: 19/19 MP: 2/2
   574 | D:1      | Reached skill level 6 in Stealth
   581 | D:1      | Reached XP level 3. HP: 19/25 MP: 3/3
   982 | D:2      | Found a faded altar of an unknown god.
  1031 | D:2      | Noticed Terence
  1061 | D:2      | Killed Terence
  1327 | D:2      | You fall into a shaft and drop 1 floor!
  1343 | D:3      | Reached XP level 4. HP: 23/30 MP: 4/4
  1493 | D:3      | Reached skill level 7 in Stealth
  1504 | D:3      | HP: 1/30 [orc wizard (3)]
  1504 | D:3      | Slain by an orc wizard

Illustrated notes

Levels and vault maps discovered:
D:1:      lemuel_arrival_hallway, layout_rooms, minmay_crystal_water
D:2:      layout_loops_cross, serial_shops, shop,
          hellmonk_ecumenical_altar_pennies_from_heaven, kennysheep_doodads,
          uniq_terence
D:3:      layout_rooms, overflow_temple_1_default, lemuel_doored_altar,
          minmay_misc_feat_rows, minmay_crystal_room, minmay_misc_feat_square,
          uniq_crazy_yiuf_cottage

Skill      XL: |  1  2  3  4 |
---------------+-------------+-----
Stealth        | 6 7 |  7.0
Fighting       | |  2.9
Short Blades   | |  2.9
Throwing       | |  2.0
Dodging        | |  1.0

Action                   |  1- 3 |  4- 6 || total
-------------------------+-------+-------++-------
Melee: Dagger            |    38 |    36 ||    74
       Constrict         |     7 |     1 ||     8
       Tentacles         |     5 |     1 ||     6
Throw: Dart              |     5 |     5 ||    10
  Use: Scroll            |       |     4 ||     4
       Potion            |       |     2 ||     2
 Stab: Sleeping          |    12 |       ||    12
Armor: Skin              |     3 |    62 ||    65
Dodge: Dodged            |    15 |     5 ||    20

Table legend: (Time is in decaauts)
 A = Elapsed time spent in this place.
 B = Non-inter-level travel time spent in this place.
 C = Inter-level travel time spent in this place.
 D = Time resting spent in this place.
 E = Time spent auto-exploring this place.
 F = Levels seen in this place.
 G = Mean time per level.
                   A        B        C        D        E       F      G
               +--------+--------+--------+--------+--------+-----+--------+
         Total |   1493 |   1475 |     18 |    645 |    622 |   3 |  497.7 |
       Dungeon |   1493 |   1475 |     18 |    645 |    622 |   3 |  497.7 |
               +--------+--------+--------+--------+--------+-----+--------+

Top non-repeatable levels by time:
     D:1: 901 daAuts
     D:2: 421 daAuts
     D:3: 171 daAuts
